TOP OF THE 1ST |
Kansas City Royals batting - Pitching for Boston Red Sox : LHP Ragnar Danielsson
|
Pitching: LHP Ragnar Danielsson
|
|
Batting: RHB Aaron Matthews
|
0-0: Called Strike 0-1: Foul Ball, location: 2F 0-2: Foul Ball, location: 2F 0-2: Ball 1-2: Ground out 5-3 (Groundball, 56, EV 84.4 MPH)
|
Batting: RHB Bob Najar
|
0-0: Ball 1-0: Ball 2-0: Ball 3-0: Foul Ball, location: 2F 3-1: Fly out, F7 (Flyball, 7D, EV 86.9 MPH)
|
Batting: RHB Mike Jaquez
|
0-0: Ball 1-0: Foul Ball, location: 2F 1-1: Swinging Strike 1-2: Ball 2-2: Strikes out swinging
|
Top of the 1st over - 0 runs, 0 hits, 0 errors, 0 left on base; Kansas City 0 - Boston 0 |
BOTTOM OF THE 1ST |
Boston Red Sox batting - Pitching for Kansas City Royals : RHP Skyler Webster
|
Pitching: RHP Skyler Webster
|
|
Batting: RHB Alois Wollf
|
0-0: Called Strike 0-1: Ball 1-1: Ball 2-1: Ball 3-1: Foul Ball, location: 2F 3-2: Fly out, F7 (Line Drive, 78M, EV 100.6 MPH)
|
Batting: LHB Brian Gray
|
0-0: Called Strike 0-1: Ball 1-1: Foul Ball, location: 2F 1-2: Strikes out swinging
|
Batting: LHB Kevin McCormic Jr.
|
0-0: Ball 1-0: Foul Ball, location: 2F 1-1: Ball 2-1: Foul Ball, location: 2F 2-2: Ground out 6-3 (Groundball, 6, EV 100.0 MPH)
|
Bottom of the 1st over - 0 runs, 0 hits, 0 errors, 0 left on base; Kansas City 0 - Boston 0 |
TOP OF THE 2ND |
Kansas City Royals batting - Pitching for Boston Red Sox : LHP Ragnar Danielsson
|
Batting: LHB Bill Baconneck
|
0-0: Called Strike 0-1: Swinging Strike 0-2: Ball 1-2: Ball 2-2: Foul Ball, location: 2F 2-2: Strikes out swinging
|
Batting: RHB Adam Martin
|
0-0: Called Strike 0-1: SOLO HOME RUN (Flyball, 89XD, EV 106.2 MPH), Distance : 426 ft
|
Batting: RHB Mikolas Markus
|
0-0: Foul Ball, location: 2F 0-1: Ball 1-1: Swinging Strike 1-2: Strikes out swinging
|
Batting: LHB Sam Britt
|
0-0: Called Strike 0-1: Foul Ball, location: 2F 0-2: Ball 1-2: Strikes out looking
|
Top of the 2nd over - 1 run, 1 hit, 0 errors, 0 left on base; Kansas City 1 - Boston 0 |
BOTTOM OF THE 2ND |
Boston Red Sox batting - Pitching for Kansas City Royals : RHP Skyler Webster
|
Batting: SHB Ben Ervin
|
0-0: Ball 1-0: Swinging Strike 1-1: SINGLE (Groundball, 6MD, EV 99.4 MPH)
|
Batting: LHB Shoichi Aso
|
0-0: Ball Pickoff Throw by Catcher to First - Out! 1-0: Ball 2-0: Ball 3-0: Called Strike 3-1: Called Strike 3-2: DOUBLE (Groundball, 3L, EV 103.8 MPH)
|
Batting: RHB Scott Treider
|
0-0: Ball 1-0: Ball 2-0: Fly out, F4 (Popup, 3S, EV 77.5 MPH)
|
Batting: RHB Won-jun Park
|
0-0: Called Strike 0-1: Ground out 6-3 (Groundball, 6, EV 84.4 MPH)
|
Bottom of the 2nd over - 0 runs, 2 hits, 0 errors, 1 left on base; Kansas City 1 - Boston 0 |
TOP OF THE 3RD |
Kansas City Royals batting - Pitching for Boston Red Sox : LHP Ragnar Danielsson
|
Batting: LHB Manny Estrada
|
0-0: Ball 1-0: Foul Ball, location: 2F 1-1: SINGLE (Line Drive, 8RS, EV 97.5 MPH)
|
Batting: LHB Zion Davidson
|
0-0: Called Strike 0-1: Foul Ball, location: 2F 0-2: Grounds out, U3 (Groundball, 3L, EV 108.8 MPH)
|
Batting: RHB Aaron Matthews
|
0-0: Ball 1-0: Ground out 6-3 (Groundball, 6, EV 77.5 MPH)
|
Batting: RHB Bob Najar
|
0-0: Ground out 6-3 (Groundball, 6, EV 91.2 MPH)
|
Top of the 3rd over - 0 runs, 1 hit, 0 errors, 1 left on base; Kansas City 1 - Boston 0 |
BOTTOM OF THE 3RD |
Boston Red Sox batting - Pitching for Kansas City Royals : RHP Skyler Webster
|
Batting: LHB John Bailey
|
0-0: Ball 1-0: Foul Ball, location: 2F 1-1: Swinging Strike 1-2: Foul Ball, location: 2F 1-2: Strikes out swinging
|
Batting: SHB Willie Koviak
|
0-0: Ball 1-0: Ball 2-0: Ball 3-0: Called Strike 3-1: Base on Balls
|
Batting: RHB Alois Wollf
|
0-0: Ball 1-0: SINGLE (Line Drive, 4MD, EV 107.5 MPH) Willie Koviak to second
|
Batting: LHB Brian Gray
|
0-0: Fielders Choice at 2nd, 4-6 (Groundball, 4MD, EV 93.1 MPH) Willie Koviak to third
|
Batting: LHB Kevin McCormic Jr.
|
0-0: Ball 1-0: Ball 2-0: Ball 3-0: Base on Balls Brian Gray to second
|
Batting: SHB Ben Ervin
|
0-0: Fly out, F8 (Flyball, 8RM, EV 86.2 MPH)
|
Bottom of the 3rd over - 0 runs, 1 hit, 0 errors, 3 left on base; Kansas City 1 - Boston 0 |
TOP OF THE 4TH |
Kansas City Royals batting - Pitching for Boston Red Sox : LHP Ragnar Danielsson
|
Batting: RHB Mike Jaquez
|
0-0: Called Strike 0-1: Foul Ball, location: 2F 0-2: Ball 1-2: Ball 2-2: SINGLE (Line Drive, 89S, EV 105.6 MPH)
|
Batting: LHB Bill Baconneck
|
0-0: Called Strike 0-1: Ball 1-1: Swinging Strike 1-2: Ball 2-2: Strikes out looking
|
Batting: RHB Adam Martin
|
0-0: Swinging Strike 0-1: Grounds into double play, 6-4-3 (Groundball, 6, EV 81.2 MPH)
|
Top of the 4th over - 0 runs, 1 hit, 0 errors, 0 left on base; Kansas City 1 - Boston 0 |
BOTTOM OF THE 4TH |
Boston Red Sox batting - Pitching for Kansas City Royals : RHP Skyler Webster
|
Batting: LHB Shoichi Aso
|
0-0: Ball 1-0: Called Strike 1-1: Called Strike 1-2: Ground out 6-3 (Groundball, 6M, EV 102.5 MPH)
|
Batting: RHB Scott Treider
|
0-0: Called Strike 0-1: SINGLE (Groundball, 34D, EV 107.5 MPH)
|
Batting: RHB Won-jun Park
|
0-0: Called Strike 0-1: Foul Ball, location: 2F 0-2: Ground out 4-3 (Groundball, 34, EV 78.1 MPH) Scott Treider to second
|
Batting: LHB John Bailey
|
0-0: Ball 1-0: Ground out 5-3 (Groundball, 6, EV 81.9 MPH)
|
Bottom of the 4th over - 0 runs, 1 hit, 0 errors, 1 left on base; Kansas City 1 - Boston 0 |
TOP OF THE 5TH |
Kansas City Royals batting - Pitching for Boston Red Sox : LHP Ragnar Danielsson
|
Batting: RHB Mikolas Markus
|
0-0: Ball 1-0: Called Strike 1-1: Foul Ball, location: 2F 1-2: Ground out 4-3 (Groundball, 4, EV 79.4 MPH)
|
Batting: LHB Sam Britt
|
0-0: Ball 1-0: Fly out, F4 (Popup, 3S, EV 73.1 MPH)
|
Batting: LHB Manny Estrada
|
0-0: Called Strike 0-1: Fly out, F9 (Flyball, 89S, EV 90.6 MPH)
|
Top of the 5th over - 0 runs, 0 hits, 0 errors, 0 left on base; Kansas City 1 - Boston 0 |
BOTTOM OF THE 5TH |
Boston Red Sox batting - Pitching for Kansas City Royals : RHP Skyler Webster
|
Now at 1B: Victor Moya
|
|
Batting: SHB Willie Koviak
|
0-0: Foul Ball, location: 2F 0-1: Called Strike 0-2: Foul Ball, location: 2F 0-2: Ball 1-2: Foul Ball, location: 2F 1-2: Strikes out swinging
|
Batting: RHB Alois Wollf
|
0-0: Swinging Strike 0-1: Ball 1-1: Ball 2-1: SINGLE (Flyball, 8LS, EV 91.2 MPH)
|
Batting: LHB Brian Gray
|
0-0: SINGLE (Groundball, 34D, EV 107.5 MPH) Alois Wollf to second Runner from 2nd tries for 3rd, SAFE, throw by RF made to third Brian Gray to second
|
Batting: LHB Kevin McCormic Jr.
|
0-0: Called Strike 0-1: Ball 1-1: Foul Ball, location: 2F 1-2: Fly out, F8 (Flyball, 8LXD, EV 98.1 MPH) Runner from 3rd tags up, SCORES, no throw by CF Brian Gray to third
|
Pitching: LHP John Brooks
|
|
Pinch Hitting: RHB Rocky Campbell
|
0-0: Foul Ball, location: 2F 0-1: Called Strike 0-2: Ball 1-2: DOUBLE (Line Drive, 7LM, EV 91.9 MPH) Brian Gray scores
|
Batting: LHB Shoichi Aso
|
0-0: Ball 1-0: Ball 2-0: Called Strike 2-1: Ground out 3-1 (Groundball, 34, EV 101.2 MPH)
|
Bottom of the 5th over - 2 runs, 3 hits, 0 errors, 1 left on base; Kansas City 1 - Boston 2 |
TOP OF THE 6TH |
Kansas City Royals batting - Pitching for Boston Red Sox : LHP Ragnar Danielsson
|
Now at 1B: Marvin Lawrence
|
|
Now at 3B: Rocky Campbell
|
|
Now at SS: Brandon Perris
|
|
Now in CF: Mike Mentzer
|
|
Batting: LHB Zion Davidson
|
0-0: Foul Ball, location: 2F 0-1: Ball 1-1: Swinging Strike 1-2: Strikes out swinging
|
Batting: RHB Aaron Matthews
|
0-0: Ball 1-0: Ball 2-0: Foul Ball, location: 2F 2-1: Called Strike 2-2: Ball 3-2: Base on Balls
|
Pinch Hitting: SHB Tony Prado
|
0-0: Ball 1-0: Called Strike 1-1: Called Strike 1-2: Ball 2-2: Strikes out swinging
|
Pitching: RHP Guadalupe Vasguez
|
|
Batting: RHB Mike Jaquez
|
0-0: Ground out 4-3 (Groundball, 4, EV 90.6 MPH)
|
Top of the 6th over - 0 runs, 0 hits, 0 errors, 1 left on base; Kansas City 1 - Boston 2 |
BOTTOM OF THE 6TH |
Boston Red Sox batting - Pitching for Kansas City Royals : LHP John Brooks
|
Now in CF: Tony Prado
|
|
Pinch Hitting: RHB Joe Smack
|
0-0: Bunt for hit to 15 - play at first, batter OUT! 1-3
|
Batting: RHB Won-jun Park
|
0-0: Ball 1-0: Swinging Strike 1-1: Foul Ball, location: 2F 1-2: Strikes out swinging
|
Batting: SHB Robbie Rogers
|
0-0: Called Strike 0-1: Foul Ball, location: 2F 0-2: Ball 1-2: Strikes out swinging
|
Bottom of the 6th over - 0 runs, 0 hits, 0 errors, 0 left on base; Kansas City 1 - Boston 2 |
TOP OF THE 7TH |
Kansas City Royals batting - Pitching for Boston Red Sox : RHP Guadalupe Vasguez
|
Now in LF: Joe Smack
|
|
Now in RF: Brian Gray
|
|
Pinch Hitting: SHB Gil Switzer
|
0-0: Fly out, F9 (Flyball, 9D, EV 106.2 MPH)
|
Batting: LHB Chris Eaker
|
0-0: Ground out 5-3 (Groundball, 56, EV 95.6 MPH)
|
Batting: RHB Mikolas Markus
|
0-0: Called Strike 0-1: Foul Ball, location: 2F 0-2: Ball 1-2: Foul Ball, location: 2F 1-2: SINGLE (Groundball, 34D, EV 95.6 MPH)
|
Batting: LHB Sam Britt
|
0-0: Foul Ball, location: 2F 0-1: Ball 1-1: Ball 2-1: Ball 3-1: Foul Ball, location: 2F 3-2: Foul Ball, location: 2F 3-2: Foul Ball, location: 2F 3-2: Ground out 5-3 (Groundball, 56, EV 102.5 MPH)
|
Top of the 7th over - 0 runs, 1 hit, 0 errors, 1 left on base; Kansas City 1 - Boston 2 |
BOTTOM OF THE 7TH |
Boston Red Sox batting - Pitching for Kansas City Royals : LHP John Brooks
|
Pitching: RHP Sergio Quinones
|
|
Now in RF: Gil Switzer
|
|
Batting: SHB Willie Koviak
|
0-0: Ball 1-0: Swinging Strike 1-1: Called Strike 1-2: Ball 2-2: Ball 3-2: Foul Ball, location: 2F 3-2: Strikes out swinging
|
Batting: SHB Marvin Lawrence
|
0-0: Ball 1-0: Foul Ball, location: 2F 1-1: Swinging Strike 1-2: Foul Ball, location: 2F 1-2: Strikes out swinging
|
Batting: LHB Brian Gray
|
0-0: Called Strike 0-1: Ball 1-1: Ball 2-1: Ball 3-1: Base on Balls
|
Batting: LHB Mike Mentzer
|
0-0: Ball 1-0: SINGLE (Line Drive, 34, EV 104.4 MPH) Brian Gray to second
|
Batting: RHB Rocky Campbell
|
0-0: Ball 1-0: Foul Ball, location: 2F 1-1: Ball 2-1: Ground out 5-3 (Groundball, 25, EV 82.5 MPH)
|
Bottom of the 7th over - 0 runs, 1 hit, 0 errors, 2 left on base; Kansas City 1 - Boston 2 |
TOP OF THE 8TH |
Kansas City Royals batting - Pitching for Boston Red Sox : RHP Guadalupe Vasguez
|
Pitching: RHP Danny Klomp
|
|
Batting: RHB Victor Moya
|
0-0: Foul Ball, location: 2F 0-1: Ball 1-1: Called Strike 1-2: Ball 2-2: Strikes out swinging
|
Batting: LHB Zion Davidson
|
0-0: Called Strike 0-1: Ball 1-1: Fly out, F7 (Line Drive, 7, EV 87.5 MPH)
|
Batting: RHB Aaron Matthews
|
0-0: Ball 1-0: SINGLE (Groundball, 34D, EV 103.1 MPH)
|
Batting: SHB Tony Prado
|
0-0: Ball 1-0: Called Strike 1-1: Foul Ball, location: 2F 1-2: Foul Ball, location: 2F 1-2: 2-RUN HOME RUN (Flyball, 9D, EV 109.4 MPH), Distance : 408 ft
|
Batting: RHB Mike Jaquez
|
0-0: Called Strike 0-1: Ball 1-1: Ball 2-1: Fly out, F9 (Line Drive, 9LS, EV 95.0 MPH)
|
Top of the 8th over - 2 runs, 2 hits, 0 errors, 0 left on base; Kansas City 3 - Boston 2 |
BOTTOM OF THE 8TH |
Boston Red Sox batting - Pitching for Kansas City Royals : RHP Sergio Quinones
|
Pitching: RHP Josh Moncada
|
|
Batting: RHB Brandon Perris
|
0-0: Called Strike 0-1: Swinging Strike 0-2: Strikes out swinging
|
Batting: RHB Joe Smack
|
0-0: Fly out, F4 (Line Drive, 4, EV 75.0 MPH)
|
Batting: RHB Won-jun Park
|
0-0: Foul Ball, location: 2F 0-1: Called Strike 0-2: Ball 1-2: Ball 2-2: Ground out 6-3 (Groundball, 56, EV 96.9 MPH)
|
Bottom of the 8th over - 0 runs, 0 hits, 0 errors, 0 left on base; Kansas City 3 - Boston 2 |
TOP OF THE 9TH |
Kansas City Royals batting - Pitching for Boston Red Sox : RHP Danny Klomp
|
Pitching: LHP Mike Nimmo
|
|
Batting: SHB Gil Switzer
|
0-0: Called Strike 0-1: Ball 1-1: Foul Ball, location: 2F 1-2: Ball 2-2: Ball 3-2: Base on Balls
|
Batting: LHB Chris Eaker
|
0-0: Called Strike 0-1: Ball 1-1: Fielders Choice at 2nd, 3-6 (Groundball, 3, EV 105.6 MPH)
|
Batting: RHB Mikolas Markus
|
0-0: Called Strike 0-1: Swinging Strike 0-2: Foul Ball, location: 2F 0-2: Foul Ball, location: 2F 0-2: Ball 1-2: Foul Ball, location: 2F 1-2: Ball 2-2: Fly out, F8 (Flyball, 8RD, EV 83.8 MPH)
|
Batting: LHB Sam Britt
|
0-0: Called Strike 0-1: Foul Ball, location: 2F 0-2: Foul Ball, location: 2F 0-2: Ball 1-2: Strikes out swinging
|
Top of the 9th over - 0 runs, 0 hits, 0 errors, 1 left on base; Kansas City 3 - Boston 2 |
BOTTOM OF THE 9TH |
Boston Red Sox batting - Pitching for Kansas City Royals : RHP Josh Moncada
|
Pitching: RHP Bill Snyder
|
|
Batting: SHB Robbie Rogers
|
0-0: Called Strike 0-1: Swinging Strike 0-2: Strikes out swinging
|
Pinch Hitting: RHB Cesar Breceda
|
0-0: Foul Ball, location: 2F 0-1: Ball 1-1: Foul Ball, location: 2F 1-2: DOUBLE (Flyball, 78XD, EV 103.1 MPH)
|
Batting: SHB Marvin Lawrence
|
0-0: Called Strike 0-1: Ball 1-1: Ball 2-1: Foul Ball, location: 2F 2-2: Foul Ball, location: 2F 2-2: Fly out, F6 (Flyball, 6MD, EV 88.8 MPH)
|
Batting: LHB Brian Gray
|
0-0: Ball 1-0: Ball 2-0: Ball 3-0: Called Strike 3-1: Foul Ball, location: 2F 3-2: Base on Balls
|
Batting: LHB Mike Mentzer
|
0-0: Ball 1-0: Ball 2-0: 3-RUN HOME RUN (Flyball, 9LD, EV 92.5 MPH), Distance : 343 ft
|
Bottom of the 9th over - 3 runs, 2 hits, 0 errors, 0 left on base; Kansas City 3 - Boston 5 |
|